 Dungeon Crawl Stone Soup version 0.30.1 (webtiles) character file.

Game seed: 14644102425048382159

1384 Graphine the Nimble (level 8, -6/64 HPs)
             Began as a Merfolk Gladiator on July 7, 2023.
             Was an Initiate of Gozag.
             Mangled by an orc warrior
             ... wielding a +0 halberd
              (18 damage)
             ... on level 6 of the Dungeon.
             The game lasted 00:08:05 (4245 turns).

Graphine the Nimble (Merfolk Gladiator)             Turns: 4245, Time: 00:08:07

Health: -6/64      AC:  5    Str: 14    XL:     8   Next: 67%
Magic:  11/11      EV: 16    Int:  9    God:    Gozag
Gold:   343        SH:  0    Dex: 18    Spells: 11/11 levels left

rFire   x . .        e - +9 halberd "Gyal" {heavy, *Noise rElec Dex+2}
rCold   + . .        (shield currently unavailable)
rNeg    . . .        b - +0 leather armour
rPois   +            c - +0 helmet
rElec   +            k - +0 cloak
rCorr   .            (no gloves)
SInv    .            (no boots)
Will    .....        (no amulet)
Stlth   +            s - ring of ice
HPRegen 0.30/turn    z - ring of poison resistance
MPRegen 0.12/turn

%: no passive effects
@: gold aura
A: (nimble swimmer 2), mertail
a: Renounce Religion, Potion Petition, Call Merchant, Bribe Branch


You were on level 6 of the Dungeon.
You worshipped Gozag.
Gozag was aware of your devotion.
You visited 2 branches of the dungeon, and saw 6 of its levels.

You collected 439 gold pieces.
You paid 96 gold pieces to Gozag.

Inventory:

Hand Weapons
 a - a +0 long sword
 e - the +9 halberd "Gyal" (weapon) {heavy, *Noise rElec Dex+2}
   (You found it on level 5 of the Dungeon)

   Dex:       It affects your dexterity (+2).
   rElec:     It insulates you from electricity.
   *Noise:    It may make noises in combat.
 n - a +0 dagger of holy wrath
 y - a +2 sling of draining
Missiles
 d - a throwing net (quivered)
Armour
 b - a +0 leather armour (worn)
 c - a +0 helmet (worn)
 k - a +0 cloak (worn)
Jewellery
 s - a ring of ice (left hand)
 z - a ring of poison resistance (right hand)
 A - a +5 ring of evasion
Wands
 f - a wand of polymorph (19)
 x - a wand of flame (14)
Scrolls
 i - a scroll of identify
 v - a scroll of acquirement {unknown}
 B - a scroll of enchant armour {unknown}
 C - a scroll of silence {unknown}
Potions
 g - a potion of attraction
 h - 3 potions of heal wounds
 l - 2 potions of resistance
 m - a potion of curing {unknown}
 o - a potion of cancellation {unknown}
 p - a potion of haste {unknown}
 q - a potion of magic {unknown}
 r - a potion of might {unknown}
 t - a potion of flight {unknown}
 u - a potion of lignification {unknown}
Miscellaneous
 w - a piece from Xom's chessboard (15/15)


   Skills:
 * Level 6.0 Fighting
 - Level 5.0 Long Blades
 * Level 5.4 Polearms
 + Level 4.0 Throwing
 - Level 1.0 Armour
 * Level 8.0 Dodging
 + Level 2.4 Spellcasting


You had 11 spell levels left.
You didn't know any spells.
Your spell library contained the following spells:

 Spells                   Type           Power      Damage    Failure   Level
 Freeze                   Ice            4%         1d3       36%         1
 Sublimation of Blood     Necr           1%         N/A       52%         2
 Frozen Ramparts          Ice            2%         1d1       75%         3
 Hailstorm                Conj/Ice       1%         3d3       75%         3
 Petrify                  Tmut/Erth      1%         N/A       98%         4
 Irradiate                Conj/Tmut      0%         3d11      100%        5


Dungeon Overview and Level Annotations

Branches:
Dungeon (6/15)             Temple (1/1) D:5

Altars:
Ashenzari
Cheibriados
Dithmenos
Elyvilon
Fedhas
Gozag
Kikubaaqudgha
Makhleb
Nemelex Xobeh
Okawaru
Qazlal
Ru
Sif Muna
Trog
Uskayaw
Vehumet
Wu Jian
Xom
Yredelemnul
Zin
The Shining One

Annotations:
D:6 1 transporter


Innate Abilities, Weirdness & Mutations

((You are very nimble when in or above water. (Stealth+, EV+, Speed+++)))
Your lower body shifts to a powerful aquatic tail in water.


Message History

The orc priest is distracted by your dazzling golden aura.
The orc is distracted by your dazzling golden aura.
The orc warrior is distracted by your dazzling golden aura.
The orc misses you.
The orc shouts!
The orc warrior shouts!
You are too confused!
Unknown command.
You bump into the rock wall.
The orc warrior is no longer distracted by gold.
The orc barely misses you.
The orc throws a boomerang.
The boomerang closely misses you.
The orc wizard gestures wildly while chanting.
The orc wizard flickers and vanishes!
Deactivating autopickup; reactivate with Ctrl-A.
You bump into the rock wall.
You impale the orc!!
You kill the orc!
The orc priest mumbles some strange prayers to Beogh against you.
Beogh smites you!
You hear some strange, mumbled words.
Something tries to affect you, but you resist.
You're too confused to aim your attacks!
Unknown command.
You bump into the rock wall.
You feel less confused. The orc warrior barely misses you.
You hear some strange, mumbled words.
You are confused.
You're too confused to move!
The orc warrior hits you with a +0 halberd!
An orc wizard comes into view. It is wielding a +0 dagger.
You impale the orc warrior!!
The orc warrior is almost dead.
You feel less confused.
The orc warrior hits you with a +0 halberd!
* * * LOW HITPOINT WARNING * * *
The orc is distracted by your dazzling golden aura.
The orc warrior hits you with a +0 halberd!!
You die...
Your body crumbles into a pile of gold.

...# #..#.##)# #...# #..#.$#.# .
#...# ###..##.#.#### .< #...#
#..$....$....#######
##.####...###o#.o......#.#.....#
....oh...o..$$.#.##<##.#.#.....##
##...Y.....o...o{##.##.........#.
##............#o#..##.#.#.....#.
#.........#.##@#.......#.....#.
##..#...#.#........>....# ##.
#..#...#.####.#.#.#.##.# #.
.#..#...#.####.#.#.#.##.## #.
5.#..#...........).)).$$..# #.
..##........##.#.#.....##..######
.©#..#########.#####)####........
#. #.# #......####### . #.#
########


You could see an orc warrior, an orc wizard and 2 orcs.

Vanquished Creatures
  The ghost of Graphine the Conjurer, a novice DrCj of Sif Muna (D:5)
  A wyvern (D:6)
  An ice beast (D:6)
  A centaur (D:6)
  A gnoll sergeant (D:6)
  2 howler monkeys (D:6)
  A jelly (D:6)
  3 hounds
  2 orc priests (D:5)
  A sleepcap (D:5)
  5 iguanas
  4 orc wizards
  3 gnolls (D:6)
  7 adders
  3 ufetubi
  A worm (D:2)
  2 dart slugs
  18 orcs
  3 ball pythons
  6 bats
  4 endoplasms
  A giant cockroach (D:2)
  7 goblins
  A hobgoblin (D:3)
  3 quokkas
  3 frilled lizards
  6 kobolds
  4 rats
95 creatures vanquished.

Notes
Turn   | Place    | Note
-------+----------+-------------------------------------------
     0 | D:1      | Graphine the Merfolk Gladiator began the quest for the Orb.
     0 | D:1      | Reached XP level 1. HP: 16/16 MP: 1/1
   495 | D:1      | Reached XP level 2. HP: 23/23 MP: 2/2
  1001 | D:2      | Reached XP level 3. HP: 23/28 MP: 3/3
  1541 | D:3      | Reached XP level 4. HP: 33/35 MP: 4/4
  1868 | D:3      | Reached skill level 5 in Dodging
  2177 | D:3      | You fall into a shaft and drop 2 floors!
  2177 | D:5      | Entered Level 5 of the Dungeon
  2202 | D:5      | Reached XP level 5. HP: 41/41 MP: 5/5
  2309 | D:5      | Identified the +9 halberd "Gyal" {heavy, *Noise rElec
                  | Dex+2}
  2469 | D:5      | Found a staircase to the Ecumenical Temple.
  2486 | Temple   | Entered the Ecumenical Temple
  2737 | Temple   | Became a worshipper of Gozag Ym Sagoz the Greedy
  2786 | D:5      | Reached skill level 5 in Long Blades
  2788 | D:5      | Reached XP level 6. HP: 46/48 MP: 6/6
  2795 | D:5      | Reached skill level 1 in Polearms
  2795 | D:5      | Reached skill level 1 in Armour
  3090 | D:5      | Found a runed translucent door.
  3092 | D:5      | Noticed Graphine's ghost (novice DrCj)
  3395 | D:5      | Reached skill level 6 in Dodging
  3403 | D:5      | Killed Graphine's ghost
  3404 | D:5      | Reached skill level 1 in Spellcasting
  3404 | D:5      | Reached XP level 7. HP: 40/55 MP: 6/9
  3592 | D:5      | Reached skill level 5 in Fighting
  3922 | D:6      | Reached skill level 7 in Dodging
  3922 | D:6      | Reached XP level 8. HP: 44/62 MP: 10/10
  3929 | D:6      | Noticed a wyvern
  3936 | D:6      | Killed a wyvern
  4050 | D:6      | Found a transporter.
  4149 | D:6      | Reached skill level 5 in Polearms
  4230 | D:6      | Reached skill level 8 in Dodging
  4231 | D:6      | Identified the +3 leather armour "Dureit" {Contam +Blink
                  | +Inv Fly Will+}
  4245 | D:6      | Mangled by an orc warrior

Illustrated notes

Levels and vault maps discovered:
D:1:      amcnicky_arrival_feature_with_door, layout_basic
D:2:      layout_basic, chequers_serial_rivers_micro_d, minmay_vboxes
D:3:      layout_basic, st_stairs_4, lightli_corner_chamber
D:5:      layout_cave_pods, minmay_temple_entry_overgrown,
          ebering_ghost_sewer_d, dk_vineyard_2, hellmonk_bongcloud_opening
D:6:      layout_loops_cross, gammafunk_ghost_stat_death
Temple:   mainiacjoe_temple_hex_bubbles

Skill      XL: |  1  2  3  4  5  6  7  8 |
---------------+-------------------------+-----
Long Blades    | 4 5 |  5.0
Fighting       | 3 4 5 6 |  6.0
Dodging        | 5 6 7 8 |  8.0
Polearms       | 3 4 5 |  5.4
Armour         | 1 |  1.0
Throwing       | 3 4 |  4.0
Spellcasting   | 1 2 |  2.4

Action                     |  1- 3 |  4- 6 |  7- 9 || total
---------------------------+-------+-------+-------++-------
  Melee: Long sword        |    68 |   139 |       ||   207
         Punch             |     2 |     3 |       ||     5
         Dagger            |       |    16 |       ||    16
         Halberd           |       |       |    60 ||    60
  Throw: Throwing net      |       |     3 |     1 ||     4
         Javelin           |       |     1 |       ||     1
    Use: Scroll            |     4 |     3 |     1 ||     8
         Potion            |       |     1 |       ||     1
   Stab: Sleeping          |     1 |       |       ||     1
         Held in net/web   |       |     1 |       ||     1
         Invisible         |       |     5 |       ||     5
         Distracted        |       |       |     1 ||     1
 Armour: Leather armour    |    19 |    49 |     7 ||    75
  Dodge: Dodged            |    46 |   132 |    69 ||   247
